 Dungeon Crawl Stone Soup version 0.23.2-40-g277498a001 (webtiles) character file.

Game seed: 14193646853366106988

44 Descartes the Skirmisher (level 3, -2/27 HPs)
             Began as a Mummy Wanderer on Sept 6, 2019.
             Slain by an ice beast (5 damage)
             ... on level 2 of the Dungeon.
             The game lasted 00:03:09 (1632 turns).

Descartes the Skirmisher (Mummy Wanderer)           Turns: 1632, Time: 00:03:10

Health: -2/27      AC:  3    Str: 15    XL:     3   Next: 41%
Magic:  3/6        EV: 11    Int: 14    God:
Gold:   59         SH:  0    Dex:  9    Spells: 5/6 levels left

rFire    x . .     SeeInvis .   a - +2 hand axe
rCold    + . .     Gourm    .   (no shield)
rNeg     + + +     Faith    .   g - +0 leather armour
rPois    ∞         Spirit   .   (no helmet)
rElec    .         Reflect  .   (no cloak)
rCorr    .         Harm     .   (no gloves)
MR       .....                  (no boots)
Stlth    +.........             (no amulet)
HPRegen  0.09/turn              (no ring)
MPRegen  0.10/turn              (no ring)

@: very slightly contaminated
A: no food or potions, fire vulnerability, cold resistance 1, negative energy
resistance 3, torment resistance, unbreathing
a: no special abilities


You were on level 2 of the Dungeon.
You were not hungry.

You visited 1 branch of the dungeon, and saw 2 of its levels.

You collected 59 gold pieces.

Inventory:

Hand Weapons
 a - a +2 hand axe (weapon)
 d - a +0 dagger
 f - a +0 hunting sling
Missiles
 i - 46 stones (quivered)
Armour
 c - a +0 robe
 g - a +0 leather armour (worn)
Scrolls
 b - a scroll of magic mapping {unknown}
 e - a scroll of enchant armour {unknown}
 h - a scroll of fear {unknown}


   Skills:
 + Level 2.3 Fighting
 - Level 1.8 Axes
 + Level 1.3 Armour
 + Level 0.5 Dodging
 + Level 1.8 Stealth
 * Level 2.0 Spellcasting
 * Level 0.6 Conjurations
 * Level 0.6 Fire Magic
   Level 1.5 Air Magic


You had 5 spell levels left.
You knew the following spells:

 Your Spells              Type           Power        Failure   Level  Hunger
a - Flame Tongue          Conj/Fire      #....        22%         1    N/A

Your spell library contained the following spells:

 Spells                   Type           Power        Failure   Level  Hunger
 Conjure Flame            Conj/Fire      #.......     56%         3    N/A

Dungeon Overview and Level Annotations

Branches:
Dungeon (2/15)

Altars:


Innate Abilities, Weirdness & Mutations

You do not eat or drink.
Your flesh is vulnerable to fire.
You are immune to poison.
Your flesh is cold resistant. (rC+)
You are immune to negative energy. (rN+++)
You are immune to unholy pain and torment.
You can survive without breathing.


Message History

Confirm with . or Enter, or press ? or * to list all spells.
Aiming: Flame Tongue (safe; 24% risk of failure)
Press: ? - help, Shift-Dir - straight line, f/p - ice beast
Aim: an ice beast (lightly wounded)
You miscast Flame Tongue.
Heat runs through your body. The kobold hits you but does no damage.
The ice beast hits you.
* * * LOW HITPOINT WARNING * * *
The ice beast freezes you. You resist.
* * * LOW HITPOINT WARNING * * *
You hit the ice beast.
The ice beast is moderately wounded.
You hit the kobold.
You kill the kobold!
The ice beast barely misses you.
You hit the ice beast but do no damage.
The ice beast is moderately wounded.
The ice beast hits you.
* * * LOW HITPOINT WARNING * * *
The ice beast freezes you. You resist.
You die...

....# ##.##### #..#..#.####
..<.# #. #...........
....####'#########
#.....#.####
+#...............# #.#.....#
#####...........###.#.%.#.....
+............!..#...#.....
#...................#..###
#..........)......).....#
#.....((..)@......#>....#
#.........Y.......#.....#
########..........#.......
#....%.....+.....##
#..........####....
#####......# .### #......# #
#......# #......#


You could see an ice beast.

Vanquished Creatures
  A worm (D:2)
  3 dart slugs
  2 leopard geckos (D:1)
  2 giant cockroaches (D:1)
  4 hobgoblins
  3 jackals (D:2)
  2 quokkas
  3 bats
  3 goblins
  4 kobolds
  5 rats (D:1)
32 creatures vanquished.

Notes
Turn   | Place    | Note
-------+----------+-------------------------------------------
     0 | D:1      | Descartes the Mummy Wanderer began the quest for the Orb.
     0 | D:1      | Descartes set off with the following items: a +2 hand axe,
                  | a +0 robe, a +0 dagger; and the following spell memorised:
                  | Flame Tongue; and the following spells available to
                  | memorise: Conjure Flame
     0 | D:1      | Reached XP level 1. HP: 16/16 MP: 2/2
   188 | D:1      | Reached XP level 2. HP: 18/22 MP: 4/4
  1171 | D:2      | Reached XP level 3. HP: 27/27 MP: 5/5
  1615 | D:2      | Noticed an ice beast
  1632 | D:2      | Slain by an ice beast

Skill      XL: |  1  2  3 |
---------------+----------+-----
Spellcasting   | 2 |  2.0
Fighting       | |  2.3
Axes           | |  1.8
Armour         | |  1.3
Dodging        | |  0.5
Stealth        | |  1.8
Conjurations   | |  0.6
Fire Magic     | |  0.6
Air Magic      | |  1.5

Action                   || total
-------------------------++-------
Melee: Hand axe          ||    99
 Cast: Flame Tongue      ||     6
 Stab: Sleeping          ||     2
Armor: Robe              ||     2
       Leather armour    ||    23
Dodge: Dodged            ||    77
